 Dungeon Crawl Stone Soup version 0.29-a0-620-g13ace881f2 (webtiles) character file.

Game seed: 12977935997686207627

19 Engwar the Firebug (level 3, -3/31 HPs)
             Began as a Meteoran Cinder Acolyte on June 18, 2022.
             Was a High Priest of Ignis.
             Slain by Sigmund
             ... wielding a +0 scythe
              (9 damage)
             ... on level 2 of the Dungeon.
             The game lasted 00:05:21 (583 turns).

Engwar the Firebug (Meteoran Cinder Acolyte)         Turns: 583, Time: 00:05:22

Health: -3/31      AC: 10    Str: 16    XL:     3   Next: 11%
Magic:  6/6        EV: 12    Int: 17    God:    Ignis [*****.]
Gold:   42         SH:  0    Dex:  9    Spells: 2/4 levels left

rFire   + . .      SeeInvis .   a - -1 mace (flame)
rCold   . . .      Faith    .   (no shield)
rNeg    . . .      Spirit   .   b - +0 robe
rPois   .          Reflect  .   (no helmet)
rElec   .          Harm     .   (no cloak)
rCorr   .          Rampage  .   (no gloves)
Will    +....                   e - +0 pair of boots
Stlth   +.........              (no amulet)
HPRegen 0.10/turn               c - ring of willpower
MPRegen 0.10/turn               (no ring)

@: fiery-armoured, glowing
A: sense surroundings 1, otherworldly, glowing, explore regen
a: Renounce Religion, Fiery Armour, Foxfire Swarm, Rising Flame


You were on level 2 of the Dungeon.
You worshipped Ignis.
Ignis was extremely pleased with you.
You visited 1 branch of the dungeon, and saw 2 of its levels.

You collected 42 gold pieces.

Inventory:

Hand Weapons
 a - a -1 mace of flaming (weapon)
Armour
 b - a +0 robe (worn)
 e - a +0 pair of boots (worn)
Jewellery
 c - a ring of willpower (left hand)
Scrolls
 d - a scroll of poison {unknown}
 f - 2 scrolls of amnesia {unknown}


   Skills:
 - Level 3.2 Fighting
 + Level 4.0 Maces & Flails
 - Level 2.1 Dodging
 - Level 1.3 Spellcasting
 - Level 4.1 Fire Magic


You had 2 spell levels left.
You knew the following spells:

 Your Spells              Type           Power      Damage    Failure   Level
a - Scorch                Fire           30%        2d6       6%          2

Your spell library contained the following spells:

 Spells                   Type           Power      Damage    Failure   Level


Dungeon Overview and Level Annotations

Branches:
Dungeon (2/15) Zot: 607

Altars:

Annotations:
D:2 Sigmund


Innate Abilities, Weirdness & Mutations

You passively map a small area around you.
You are easily found by Zot.
You glow in the dark.
You regain HP and MP as you explore.


Message History

No target in view!
No target in view!
You see here a hobgoblin corpse.
You see here a +0 club.
Found a leather armour.
f - 2 scrolls labelled JAMNING GOAKY (gained 1)
You have lingered too long.
Zot senses you.
Dive deeper or flee this branch before you suffer!
You see here a hobgoblin skeleton.
There is a stone staircase leading down here.
You climb downwards.
As you enter the new level, Zot loses track of you.
There is a stone staircase leading up here.
You now have 42 gold pieces (gained 13).
Sigmund the Dreaded comes into view.
He is wielding a +0 scythe.
Sigmund shouts!
Sigmund casts a spell.
Sigmund flickers and vanishes!
Deactivating autopickup; reactivate with Ctrl-A.
A magic dart appears from out of thin air!
The magic dart hits you! Something hits you!
You closely miss something. Something hits you!
A protective cloak of flame settles atop you.
Something hits you but does no damage.
Activating: Foxfire Swarm
Press: ? - help, Dir - look around, f - activate Flames leap up around you!
You miss something.
The foxfire hits something.
Something hits you.
You sock something! You burn something. Something hits you but does no damage.
You miss something. Something hits you but does no damage.
You miss something. Your punch misses something.
You hear some strange, mumbled words.
Something tries to affect you, but you resist.
You barely miss something.
You hear some strange, mumbled words.
A puff of flame appears from out of thin air!
The puff of flame hits you. You resist.
* * * LOW HITPOINT WARNING * * *
You hit something but do no damage. Something hits you!
You die...

, *#### , , , ,,..#
,## , , , , ,,*#.#
,.# , #.####.##.. ,
, * #.......... * *
, , #..###.###. , ,
, , , #..# *..# ,
#################..#
#.#
..........@{.......#
*.#
##################.#
.#* .........### . *
* ########....# *{
*, , ........#.#.#
*,* * ,..........#.#
,, ####.......#### ,
, * #....#........ ,
, ,*
#....#.########,


There were no monsters in sight!

Vanquished Creatures
  2 dart slugs (D:1)
  A ball python (D:1)
  2 endoplasms (D:1)
  2 goblins (D:1)
  3 hobgoblins (D:1)
  2 bats (D:1)
  A rat (D:1)
13 creatures vanquished.

Vanquished Creatures (others)
  A foxfire (D:2)
1 creature vanquished.

Grand Total: 14 creatures vanquished

Notes
Turn   | Place    | Note
-------+----------+-------------------------------------------
     0 | D:1      | Engwar the Meteoran Cinder Acolyte began the quest for the
                  | Orb.
     0 | D:1      | Reached XP level 1. HP: 19/19 MP: 3/3
   135 | D:1      | Reached XP level 2. HP: 5/26 MP: 5/5
   138 | D:1      | Learned a level 2 spell: Scorch
   233 | D:1      | Reached skill level 1 in Dodging
   410 | D:1      | Reached XP level 3. HP: 31/31 MP: 6/6
   492 | D:1      | Glimpsed the power of Zot.
   553 | D:2      | Noticed Sigmund
   583 | D:2      | Slain by Sigmund

Illustrated notes

Levels and vault maps discovered:
D:1:      dpeg_chamrin_arrival_tetris, layout_basic
D:2:      layout_basic, minmay_misc_feat_columns, uniq_sigmund

Skill      XL: |  1  2 |
---------------+-------+-----
Fire Magic     | 4 |  4.1
Dodging        | 2 |  2.1
Fighting       | |  3.2
Maces & Flails | |  4.0
Spellcasting   | |  1.3

Action                   || total
-------------------------++-------
Melee: Mace              ||    45
Invok: Foxfire Swarm     ||     1
       Fiery Armour      ||     1
Armor: Robe              ||    14
Dodge: Dodged            ||    17

Table legend: (Time is in decaauts)
 A = Elapsed time spent in this place.
 B = Non-inter-level travel time spent in this place.
 C = Inter-level travel time spent in this place.
 D = Time resting spent in this place.
 E = Time spent auto-exploring this place.
 F = Levels seen in this place.
 G = Mean time per level.
                   A        B        C        D        E       F      G
               +--------+--------+--------+--------+--------+-----+--------+
         Total |    591 |    572 |     19 |      0 |    383 |   2 |  295.5 |
       Dungeon |    591 |    572 |     19 |      0 |    383 |   2 |  295.5 |
               +--------+--------+--------+--------+--------+-----+--------+

Top non-repeatable levels by time:
     D:1: 520 daAuts
     D:2: 71 daAuts
